 Dungeon Sprint DCSS version 0.20.1-1-g8b1a95d (webtiles) character file.

630 Mitsuki the Blocker (level 7, -3/64 HPs)
             Began as a Formicid Fighter on Sept 26, 2017.
             Was an Initiate of Okawaru.
             Succumbed to Sonja's poison
             ... in the Dungeon (Sprint I: "Red Sonja").
             The game lasted 00:01:44 (631 turns).

Mitsuki the Blocker (Formicid Fighter)               Turns: 631, Time: 00:01:44

Health: -3/64      AC: 10    Str: 22    XL:     7   Next: 77%
Magic:  8/8        EV: 10    Int: 10    God:    Okawaru [......]
Gold:   351        SH: 12    Dex: 10    Spells: 6/6 levels left

rFire    . . .     SeeInvis +   a - +0 flail
rCold    . . .     Gourm    .   c - +0 shield
rNeg     . . .     Faith    .   b - +0 scale mail
rPois    .         Spirit   .   (helmet unavailable)
rElec    .         Reflect  .   (no cloak)
rCorr    +         Harm     .   m - +1 pair of gloves of the Gardener {+Fly rCorr Int+2}
MR       .....                  (no boots)
Stlth    ..........             (no amulet)
Regen    0.2/turn               (no ring)
MPRegen  0.2/turn               (no ring)

@: lethally poisoned (-3 -> -65)
A: permanent stasis, dig shafts and tunnels, four strong arms, antennae 3
a: Dig, Renounce Religion, Evoke Flight


You were in the Dungeon.
You worshipped Okawaru.
Okawaru was noncommittal.
You were not hungry.

You visited 1 branch You collected 351 gold pieces.

Inventory:

Hand Weapons
 a - a +0 flail (weapon)
Armour
 b - a +0 scale mail (worn)
 c - a +0 shield (worn)
 m - the +1 pair of gloves of the Gardener (worn) {+Fly rCorr Int+2}
   (You found it in the Dungeon)

   It affects your intelligence (+2).
   It lets you fly.
   It protects you from acid and corrosion.
Wands
 l - a wand of digging (10/24)
Scrolls
 k - a scroll of blinking
 n - a scroll of enchant weapon {unknown}
Potions
 d - a potion of might
 e - a potion of curing
 g - a potion of heal wounds
 h - a potion of haste
 i - 2 potions of magic
 j - a potion of berserk rage
Comestibles
 f - a bread ration


   Skills:
 + Level 9.2 Fighting
 + Level 8.0 Maces & Flails
 + Level 9.2 Armour
 + Level 10.0 Shields
 + Level 2.3 Evocations


You had 6 spell levels left.
You didn't know any spells.

Dungeon Overview and Level Annotations

Branches:
Dungeon (1/1)

Altars:
Cheibriados
Dithmenos
Elyvilon
Fedhas
Gozag
Hepliaklqana
Kikubaaqudgha
Makhleb
Nemelex Xobeh
Okawaru
Qazlal
Ru
Sif Muna
Trog
Uskayaw
Vehumet
Xom
Yredelemnul
Zin
The Shining One
Jiyva
Lugonu

Shops:
D }

Annotations:
D Sonja


Innate Abilities, Weirdness & Mutations

You cannot be hasted, slowed, berserked, paralysed or teleported.
You can dig through walls and to a lower floor.
Your four strong arms can wield two-handed weapons with a shield.
You have a pair of large antennae on your head. (SInv)


Message History

You completely miss Sonja.
Sonja is moderately wounded.
You feel very sick. You block Sonja's attack. Sonja barely misses you. x2
Unknown command.
You barely miss Sonja.
Sonja is moderately wounded.
* * * LOW HITPOINT WARNING * * *
You feel very sick.
Sonja mumbles some strange words.
Sonja blinks!
Unknown command.
You completely miss the deep troll.
* * * LOW HITPOINT WARNING * * *
You feel very sick. You block the deep troll's attack.
The deep troll claws you!
* * * LOW HITPOINT WARNING * * *
The deep troll claws you but does no damage.
You barely miss the deep troll.
You die...

#<.#..)..#..'..#__#
#..'..#..').#..'..+
#..[####'#####'#__#
{
#..###...#...#.####
#..#__####..##)# {
#..#_____##'#..+
#⌠⌠#_.∩...†..._# {
#.##_..__##_.#'#
#..#_____###+#@#
########## #T#
+$.$K$$.$$+
#$.$####### { ##.#
{ { #+ {{ { { { {


{{{{ You could see a deep troll and Sonja.

Vanquished Creatures
  A slime creature (D)
  Sigmund (D)
  A yak (D)
  An ogre (D)
  A jelly (D)
  Ijyb (D)
6 creatures vanquished.

Notes
Turn   | Place    | Note
-------+----------+-------------------------------------------
     0 | D        | Mitsuki the Formicid Fighter began the quest for the Orb.
     0 | D        | Reached XP level 1. HP: 18/18 MP: 1/1
    18 | D        | Noticed Ijyb
    33 | D        | Killed Ijyb
    33 | D        | Reached skill level 5 in Shields
    33 | D        | Reached XP level 2. HP: 24/26 MP: 2/2
    33 | D        | Reached XP level 3. HP: 29/31 MP: 3/3
    49 | D        | Noticed an ogre
    57 | D        | Killed an ogre
    57 | D        | Reached skill level 5 in Armour
    57 | D        | Reached skill level 6 in Shields
    57 | D        | Reached XP level 4. HP: 11/40 MP: 4/4
    57 | D        | Reached XP level 5. HP: 13/46 MP: 5/5
   280 | D        | Found a glowing silver altar of Zin.
   280 | D        | Found a white marble altar of Elyvilon.
   280 | D        | Found an iron altar of Okawaru.
   280 | D        | Found a glowing golden altar of the Shining One.
   280 | D        | Found an ancient bone altar of Kikubaaqudgha.
   280 | D        | Found a basalt altar of Yredelemnul.
   280 | D        | Found a sacrificial altar of Ru.
   280 | D        | Found a shadowy altar of Dithmenos.
   284 | D        | Noticed Sigmund
   291 | D        | Killed Sigmund
   291 | D        | Reached skill level 8 in Shields
   291 | D        | Reached XP level 6. HP: 23/55 MP: 6/6
   471 | D        | Found a burning altar of Makhleb.
   471 | D        | Found a shimmering altar of Xom.
   471 | D        | Noticed a slime creature
   483 | D        | Killed a slime creature
   483 | D        | Reached skill level 9 in Shields
   483 | D        | Reached XP level 7. HP: 53/63 MP: 7/7
   484 | D        | Found a viscous altar of Jiyva.
   484 | D        | Found a corrupted altar of Lugonu.
   535 | D        | Found a deep blue altar of Sif Muna.
   537 | D        | Found a radiant altar of Vehumet.
   547 | D        | Got a pair of warped gloves
   575 | D        | Identified the +1 pair of gloves of the Gardener {+Fly rCorr Int+2} (You found it in the Dungeon)
   587 | D        | Found Oriz's Gadget Emporium.
   587 | D        | Found a hazy altar of Hepliaklqana.
   587 | D        | Found a hide-covered altar of Uskayaw.
   587 | D        | Found an opulent altar of Gozag.
   587 | D        | Found a snail-covered altar of Cheibriados.
   587 | D        | Noticed a yak
   592 | D        | Killed a yak
   592 | D        | Reached skill level 10 in Shields
   593 | D        | Found a stormy altar of Qazlal.
   593 | D        | Found a blossoming altar of Fedhas.
   593 | D        | Found a bloodstained altar of Trog.
   602 | D        | Found a sparkling altar of Nemelex Xobeh.
   607 | D        | Became a worshipper of Warmaster Okawaru
   618 | D        | Noticed a deep troll
   618 | D        | Noticed Sonja
   630 | D        | HP: 2/64 [deep troll (11)]
   631 | D        | Succumbed to Sonja's poison

Skill      XL: |  1  2  3  4  5  6  7 |
---------------+----------------------+-----
Fighting       | 4 6 7 8 9 |  9.2
Maces & Flails | 3 4 6 7 8 |  8.0
Armour         | 4 5 7 8 9 |  9.2
Shields        | 5 6 8 9 10 | 10.0
Evocations     | 2 |  2.3

Action                   |  1- 3 |  4- 6 |  7- 9 || total
-------------------------+-------+-------+-------++-------
Melee: Flail             |    19 |    17 |    20 ||    56
 Abil: Dig               |     1 |     1 |     1 ||     3
Armor: Scale mail        |     6 |       |    13 ||    19
Dodge: Dodged            |     2 |     4 |    14 ||    20
Block: Shield            |     9 |     5 |    14 ||    28
